 Dungeon Crawl Stone Soup version 0.19.1 (webtiles) character file.

1118 omegacute the Spear-Bearer (level 8, -4/58 HPs)
             Began as a Merfolk Berserker on Dec 6, 2016.
             Was a Priest of Trog.
             Splashed by a jelly's acid (5 damage)
             ... on level 5 of the Dungeon.
             The game lasted 00:13:07 (4750 turns).

omegacute the Spear-Bearer (Merfolk Berserker)      Turns: 4750, Time: 00:13:08

Health: -4/58      AC: -5    Str: 20    XL:     8   Next: 34%
Magic:  8/8        EV: 12    Int:  6    God:    Trog [***...]
Gold:   201        SH:  0    Dex: 13    Spells: 0 memorised, 7 levels left

rFire  . . .     SeeInvis +     a - +0 spear
rCold  . . .     Gourm    .     p - +2 leather armour {MR+}
rNeg   . . .     Faith    .     (no shield)
rPois  .         Spirit   .     v - +0 helmet
rElec  .         Reflect  .     (no cloak)
rCorr  .         Harm     .     (no gloves)
MR     +++..                    (no boots)
Stlth  +.........               (no amulet)
                                (no ring)
                                g - ring of see invisible

@: corroded, regenerating
A: change form in water, swift swim, stealthy swim
a: Berserk, Trog's Hand, Burn Spellbooks, Renounce Religion


You were on level 5 of the Dungeon.
You worshipped Trog.
Trog was most pleased with you.
You were not hungry.

You visited 1 branch of the dungeon, and saw 5 of its levels.

You collected 201 gold pieces.

Inventory:

Hand Weapons
 a - a +0 spear (weapon)
Armour
 p - a +2 leather armour of magic resistance (worn)
 v - a +0 helmet (worn)
Jewellery
 g - a ring of see invisible (left hand)
Wands
 b - a wand of lightning (6/15)
 k - a wand of teleportation (3/9)
 r - a wand of slowing (22/48)
Scrolls
 d - 3 scrolls of identify
 e - a scroll of enchant weapon {unknown}
 j - a scroll of teleportation {unknown}
 n - a scroll of random uselessness {unknown}
 o - a scroll of recharging {unknown}
 u - 5 scrolls of remove curse
Potions
 h - 2 potions of brilliance
 i - a potion of heal wounds {unknown}
 l - a potion of degeneration {unknown}
 q - a potion of flight {unknown}
 s - 3 potions of lignification {unknown}
 t - a potion of cure mutation {unknown}
Comestibles
 c - 2 bread rations
 f - 2 fruits
 m - 2 chunks of flesh
 w - a slice of pizza


   Skills:
 - Level 3.2 Fighting
 + Level 13.7 Polearms
 - Level 1.3 Armour
 - Level 2.6 Dodging


You had 7 spell levels left.
You didn't know any spells.

Dungeon Overview and Level Annotations

Branches:
Dungeon (5/15)
 Temple: D:4-7

Altars:
Elyvilon
Xom
The Shining One

Shops:
D:4 *


Message History

* * * LOW HITPOINT WARNING * * *
The jelly is moderately wounded.
You take 19 damage, and have 17/58 hp.
MASSIVE DAMAGE!!
Your skin crawls.
You feel resistant to hostile enchantments.
You feel somewhat more hungry. The jelly hits you.
* * * LOW HITPOINT WARNING * * *
You are splashed with acid!
The acid burns!
* * * LOW HITPOINT WARNING * * *
You take 6 damage, and have 11/58 hp.
You hit the jelly.
Your hands burn!
* * * LOW HITPOINT WARNING * * *
The jelly is heavily wounded.
The jelly hits you.
* * * LOW HITPOINT WARNING * * *
The acid corrodes you!
You are splashed with acid!
The acid burns!
* * * LOW HITPOINT WARNING * * *
You take 10 damage, and have 1/58 hp.
You hit the jelly.
Your hands burn!
You die...

...........J.............########
....#########.........##'##......
.. #.##....#.#......####
#.......'........# #
#..#....#........# #
#..#......<......# #
#..#.#####.#'##### # #).#J#
#.#.#### # #..#@# #.#.).)# #
####+## #..#.#####.#..#)# #
#.....# #..#.......#..#.#####
#.....# #..#########..#.#...#
###.....# #.............#.#.#.#
..#..<..#####.####......#.#.#.#.#
..###.........# +......#.#.#>#.#
..# #.........# #......#'#.#.#.#
..###.........####...............


You could see a jelly.

Vanquished Creatures
  The ghost of Philosophy the Shield-Bearer, a novice FoFi (D:4)
  Grinder (D:5)
  A necrophage (D:5)
  A bullfrog (D:5)
  2 howler monkeys
  3 crimson imps (D:5)
  A bullfrog zombie (D:5)
  A gnoll shaman (D:5)
  Ijyb (D:2)
  Terence (D:2)
  A worker ant (D:4)
  4 gnolls (D:5)
  5 adders
  2 worms
  3 leopard geckos
  3 orcs (D:3)
  2 ball pythons (D:1)
  3 giant cockroaches
  6 goblins
  4 hobgoblins
  12 jackals
  A quokka (D:5)
  8 bats
  5 frilled lizards
  5 kobolds
  A quokka zombie (D:5)
  4 rats
82 creatures vanquished.

Notes
Turn   | Place    | Note
-------+----------+-------------------------------------------
     0 | D:1      | omegacute the Merfolk Berserker began the quest for the Orb.
     0 | D:1      | Reached XP level 1. HP: 18/18 MP: 1/1
   232 | D:1      | Reached skill level 5 in Polearms
   241 | D:1      | Reached XP level 2. HP: 18/24 MP: 2/2
   906 | D:2      | Noticed Terence
   924 | D:2      | Killed Terence
   924 | D:2      | Reached skill level 6 in Polearms
   924 | D:2      | Reached XP level 3. HP: 29/29 MP: 3/3
  1303 | D:2      | Reached ** piety under Trog
  1388 | D:2      | Noticed Ijyb
  1406 | D:2      | Killed Ijyb
  1406 | D:2      | Reached skill level 7 in Polearms
  1406 | D:2      | Reached XP level 4. HP: 35/35 MP: 4/4
  2379 | D:3      | Reached skill level 8 in Polearms
  2379 | D:3      | Reached XP level 5. HP: 33/41 MP: 5/5
  2772 | D:3      | Found a faded altar of an unknown god.
  2772 | D:3      | Found a white marble altar of Elyvilon.
  2777 | D:3      | Found a faded altar of an unknown god.
  2779 | D:3      | Found a shimmering altar of Xom.
  2781 | D:3      | Found a glowing golden altar of the Shining One.
  3246 | D:4      | Reached skill level 9 in Polearms
  3514 | D:4      | Found Opuwygo's Assorted Antiques.
  3607 | D:4      | Noticed Philosophy's ghost (novice FoFi)
  3626 | D:4      | Killed Philosophy's ghost
  3626 | D:4      | Reached skill level 11 in Polearms
  3626 | D:4      | Reached XP level 6. HP: 41/47 MP: 6/6
  3626 | D:4      | Reached XP level 7. HP: 46/52 MP: 7/7
  3853 | D:5      | Entered Level 5 of the Dungeon
  3853 | D:5      | Noticed Grinder
  3871 | D:5      | Killed Grinder
  3871 | D:5      | Reached skill level 12 in Polearms
  4169 | D:5      | Reached XP level 8. HP: 49/58 MP: 8/8
  4333 | D:5      | Reached skill level 13 in Polearms
  4358 | D:5      | Reached *** piety under Trog
  4749 | D:5      | HP: 1/58 [acid (6)]
  4750 | D:5      | Splashed by a jelly's acid

Skill      XL: |  1  2  3  4  5  6  7  8 |
---------------+-------------------------+-----
Polearms       | 5 6 7 8 11 12 13 | 13.7
Fighting       | |  3.2
Armour         | |  1.3
Dodging        | |  2.6

Action                   |  1- 3 |  4- 6 |  7- 9 || total
-------------------------+-------+-------+-------++-------
Melee: Spear             |   134 |   187 |   207 ||   528
Invok: Berserk           |     3 |     3 |     2 ||     8
       Trog's Hand       |       |       |     1 ||     1
  Use: Scroll            |       |     2 |       ||     2
 Stab: Sleeping          |     2 |       |       ||     2
  Eat: Chunk             |     3 |    10 |     7 ||    20
Armor: Animal skin       |     6 |       |       ||     6
       Chain mail        |    34 |    37 |       ||    71
       Leather armour    |       |     8 |    27 ||    35
Dodge: Dodged            |    39 |    64 |    57 ||   160
